 Dungeon Crawl Stone Soup version 0.17.0-1-g61d176b (webtiles) character file.

175 kobo the Covered (level 5, -5/42 HPs)
             Began as a Human Fighter on Nov 7, 2015.
             Was an Initiate of Nemelex Xobeh.
             Killed by nerve-wracking pain
             ... invoked by an orc priest
              (6 damage)
             ... on level 4 of the Dungeon.
             The game lasted 00:17:39 (2168 turns).

kobo the Covered (Human Fighter)                    Turns: 2168, Time: 00:17:44

Health: -5/42      AC:  8    Str: 17    XL:     5   Next: 86%
Magic:  5/5        EV:  8    Int:  8    God:    Nemelex Xobeh [......]
Gold:   62         SH:  9    Dex: 13    Spells: 0 memorised, 4 levels left

rFire  . . .     SeeInvis .     j - +0 spear (pierce)
rCold  . . .     Clarity  .     b - +0 scale mail
rNeg   . . .     SustAt   .     c - +0 shield
rPois  .         Gourm    .     (no helmet)
rElec  .         Spirit   .     (no cloak)
rCorr  .         Warding  .     (no gloves)
rMut   .         Stasis   .     m - +0 pair of boots
MR     .....                    (no amulet)
Stlth  ..........               (no ring)
                                (no ring)

@: not resistant to hostile enchantments, extremely unstealthy
A: no striking features
a: Renounce Religion


You were on level 4 of the Dungeon.
You worshipped Nemelex Xobeh.
Nemelex Xobeh was noncommittal.
You were not hungry.

You visited 1 branch of the dungeon, and saw 4 of its levels.

You collected 62 gold pieces.

Inventory:

Hand Weapons
 a - a +0 long sword
 j - a +0 spear of piercing (weapon)
 l - a +0 dagger
 n - a +0 hand axe
 q - a +1 dagger of speed
 u - a +0 blowgun
Missiles
 k - 16 bolts
 s - 28 poisoned needles (quivered)
 v - 58 stones
 x - 21 sling bullets of frost
Armour
 b - a +0 scale mail (worn)
 c - a +0 shield (worn)
 m - a +0 pair of boots (worn)
Scrolls
 e - a scroll of noise {unknown}
 h - a scroll of random uselessness {unknown}
 r - a scroll of fog {unknown}
 t - a scroll of identify {unknown}
Potions
 d - 2 potions of might
 f - a potion of degeneration {unknown}
 g - 2 potions of curing {unknown}
 i - a potion of heal wounds {unknown}
 z - a potion of haste {unknown}
Miscellaneous
 w - a plain deck of escape {drawn: 2}
Comestibles
 o - 2 meat rations
 p - 2 bread rations


   Skills:
 + Level 3.8 Fighting
 + Level 2.2 Long Blades
 + Level 1.1 Polearms
 + Level 4.0 Armour
 + Level 2.0 Dodging
 + Level 3.8 Shields


You had 4 spell levels left.
You didn't know any spells.

Dungeon Overview and Level Annotations

Branches:
Dungeon (4/15)
 Temple: D:4-7

Altars:
Nemelex Xobeh
Qazlal


Message History

The orc priest hits you but does no damage.
The orc completely misses you.
You hit the orc priest.
The orc priest is almost dead.
You block the orc's attack.
The orc priest calls down the wrath of Beogh upon you.
Pain shoots through your body!
* * * LOW HITPOINT WARNING * * *
You draw a card...
It is the Tomb.
Nothing appears to happen.
The orc hits you but does no damage.
The orc priest calls upon Beogh to heal the orc.
The orc is healed somewhat.
You draw a card...
It is the Elixir.
You block the orc's attack.
The orc priest invokes the aid of Beogh against you.
Something smites you!
* * * LOW HITPOINT WARNING * * *
The orc priest mumbles some strange prayers to Beogh against you.
Pain shoots through your body!
You die...
Your body disappears without a glow.

#####.
###h.....
##ooo.#
##.@#
##.###
#.## ##.#
#..#
##.##
#..# #.##
##.#


You could see a black bear, 2 orc priests and an orc.

Vanquished Creatures
  2 orc priests (D:3)
  An orc wizard (D:3)
  Terence (D:3)
  2 adders
  5 orcs (D:3)
  5 goblins
  4 hobgoblins
  A jackal (D:3)
  4 kobolds (D:3)
  2 bats
  3 giant cockroaches
  4 giant geckos
  A giant newt (D:3)
  A quokka skeleton (D:4)
  4 rats
40 creatures vanquished.

Vanquished Creatures (others)
  A giant newt (D:3)
  A goblin (D:3)
2 creatures vanquished.

Grand Total: 42 creatures vanquished

Notes
Turn   | Place    | Note
--------------------------------------------------------------
     0 | D:1      | kobo the Human Fighter began the quest for the Orb.
     0 | D:1      | Reached XP level 1. HP: 18/18 MP: 1/1
   383 | D:2      | Reached XP level 2. HP: 22/24 MP: 2/2
   658 | D:3      | Reached XP level 3. HP: 29/29 MP: 3/3
   685 | D:3      | Noticed Terence
   713 | D:3      | Killed Terence
   713 | D:3      | Reached skill level 1 in Dodging
   750 | D:3      | Reached XP level 4. HP: 30/35 MP: 4/4
   815 | D:3      | Found a sparkling altar of Nemelex Xobeh.
   900 | D:3      | Reached XP level 5. HP: 3/41 MP: 5/5
  1213 | D:3      | Became a worshipper of Nemelex Xobeh the Trickster
  1549 | D:3      | Found a stormy altar of Qazlal.
  1693 | D:3      | Reached skill level 1 in Polearms
  1693 | D:3      | Reached skill level 4 in Armour
  1989 | D:3      | Received a gift from Nemelex Xobeh
  2159 | D:4      | Noticed a black bear
  2168 | D:4      | HP: 1/42 [orc priest/divine providence (10)]
  2168 | D:4      | Killed from afar by an orc priest

Action                   |  1- 3 |  4- 6 || total
-------------------------+-------+-------++-------
Melee: Spear             |    61 |   122 ||   183
       Long sword        |    11 |       ||    11
Throw: Stone             |       |     3 ||     3
Evoke: Deck              |       |     2 ||     2
  Eat: Bread ration      |     1 |       ||     1
       Beef jerky        |       |     1 ||     1
